 Dungeon Crawl Stone Soup version 0.30-a0-568-g124715a40b (webtiles) character file.

Game seed: 8710456544831963638

243 billz999 the Magician (level 6, -2/45 HPs)
             Began as a Djinni Venom Mage on Dec 29, 2022.
             Killed from afar by Dowan (33 damage)
             ... with a shard of ice
             ... on level 3 of the Dungeon.
             The game lasted 00:06:36 (3094 turns).

billz999 the Magician (Djinni Venom Mage)           Turns: 3094, Time: 00:06:36

Health: -2/45      AC:  4    Str:  7    XL:     6   Next: 31%
Gold:   114        EV: 12    Int: 18    God:
                   SH:  0    Dex: 14

rFire   + + .      SeeInvis .    o - +2 war axe (elec)
rCold   x . .      Faith    +    (no shield)
rNeg    . . .      Spirit   .    a - +1 robe
rPois   ∞          Reflect  .    (no helmet)
rElec   .          Harm     .    n - +0 cloak
rCorr   .          Rampage  .    (no gloves)
Will    .....                    (boots unavailable)
Stlth   ++                       l - amulet of faith
HPRegen 0.27/turn                (no ring)
MPRegen 0.00/turn                (no ring)

@: flying
A: sickness immunity, fire resistance 2, cold vulnerability 1, float, innate
caster, HP casting, extra vitality 1
a: no special abilities


You were on level 3 of the Dungeon.
You visited 1 branch of the dungeon, and saw 4 of its levels.

You collected 114 gold pieces.

Inventory:

Hand Weapons
 o - a +2 war axe of electrocution (weapon)
Armour
 a - a +1 robe (worn)
 n - a +0 cloak (worn)
Jewellery
 l - an amulet of faith (around neck)
Scrolls
 c - a scroll of enchant armour
 h - 2 scrolls of magic mapping
Potions
 b - 2 potions of magic
 j - a potion of might {unknown}
 k - a potion of flight {unknown}
 m - a potion of degeneration {unknown}


   Skills:
 * Level 2.4 Fighting
 + Level 1.2 Axes
 - Level 2.1 Dodging
 - Level 1.5 Stealth
 - Level 4.4 Spellcasting


You couldn't memorise any spells.
You knew the following spells:

 Your Spells              Type           Power      Damage    Failure   Level
a - Sting                 Tmut/Pois      76%        1d6       2%          1
b - Poisonous Vapours     Pois/Air       38%        N/A       3%          2
c - Mephitic Cloud        Conj/Pois/Air  19%        N/A       7%          3
d - Olgreb's Toxic Radia  Pois           19%        N/A       22%         4
e - Slow                  Hex            76%        N/A       2%          1
f - Scorch                Fire           38%        2d7       3%          2
Your spell library was empty.

Dungeon Overview and Level Annotations

Branches:
Dungeon (4/15)
 Temple: D:4-7

Altars:
Ru

Annotations:
D:3 Dowan


Innate Abilities, Weirdness & Mutations

You are immune to sickness and miasma.
You are immune to poison.
Your flesh is very heat resistant. (rF++)
You are vulnerable to cold. (rC-)
You float through the air rather than walking.
You learn spells naturally, not from books.
Your magical power is your life essence.
You have superior vitality. (+4 MHP)


Message History

Flames lash Duvessa.
Duvessa is severely wounded.
Duvessa's fire resistance burns away.
* * * LOW HITPOINT WARNING * * *
Casting: Scorch (safe; 3% risk of failure)
Confirm with . or Enter, or press ? or * to list all spells.
Flames lash Duvessa.
Duvessa is burned terribly!
Duvessa is severely wounded.
* * * LOW HITPOINT WARNING * * *
Casting: Scorch (safe; 3% risk of failure)
Confirm with . or Enter, or press ? or * to list all spells.
Flames lash Duvessa.
Duvessa is burned terribly!
You kill Duvessa!
Dowan's eyes darken. "You have made a black mistake."
Dowan seems to find hidden reserves of power!
* * * LOW HITPOINT WARNING * * *
Your Fighting skill gained 2 levels and is now at level 2!
Your Axes skill increases to level 1!
You have reached level 6!
There is a stone staircase leading up here.
You fly upwards.
There is a stone staircase leading down here.
You start resting.
HP restored.
You fly downwards.
Level annotation: Dowan The iguana bites you but does no damage.
Dowan hits you with a +0 dagger. The iguana bites you!
There is a stone staircase leading up here.
Dowan hits you with a +0 dagger. Dowan closely misses you.
The iguana misses you.
You fly upwards.
There is a stone staircase leading down here.
As you read the scroll labelled VICKEORCH ESAEMO, it crumbles to dust.
It is a scroll of amnesia.
You feel forgetful for a moment.
Dowan points at you and mumbles some strange words.
The shard of ice hits you!!
You feel a painful chill!
Ouch! That really hurt!
You die...

.# #........'.......#'###
.###........###.........#
..##........# #.........#
..####..##### #........)#######
..# #...#######..............#
..####.#.......#......#######.#
#....#.#.......#......# #.#
#.##.#.#.......#.l...########.#
#.##.#.#.....).e@....'........#
#.##.#.#.....)..)[...##########
#.##.#.#..........####
#.##.#.#....##....#
#.##.........#....#
#.##..######.#....#
#.##..#≈≈≈§#.#....#
#.##..#≈>8§#.#....#
#.##..#≈._≈#.#....#


You could see Dowan (fast) and an iguana.

Vanquished Creatures
  Duvessa (D:4)
  A jelly (D:3)
  3 adders
  2 worms (D:3)
  2 dart slugs (D:2)
  4 orcs (D:3)
  13 ball pythons
  5 endoplasms
  2 giant cockroaches
  5 goblins
  3 hobgoblins
  3 jackals (D:1)
  2 kobolds
  4 quokkas
  5 bats
  2 frilled lizards
  5 rats
62 creatures vanquished.

Notes
Turn   | Place    | Note
-------+----------+-------------------------------------------
     0 | D:1      | billz999 the Djinni Venom Mage began the quest for the Orb.
     0 | D:1      | billz999 set off with the following spells memorised:
                  | Sting, Poisonous Vapours, Mephitic Cloud, Olgreb's Toxic
                  | Radiance.
     0 | D:1      | Reached XP level 1. HP: 15/15 MP: 0/0
   162 | D:1      | Reached XP level 2. HP: 20/21 MP: 0/0
   563 | D:1      | Reached skill level 3 in Spellcasting
   694 | D:1      | Reached XP level 3. HP: 23/25 MP: 0/0
   694 | D:1      | Learned a level 1 spell: Slow
  1233 | D:2      | Reached XP level 4. HP: 19/31 MP: 0/0
  1863 | D:3      | Reached skill level 4 in Spellcasting
  1863 | D:3      | Reached XP level 5. HP: 18/35 MP: 0/0
  1863 | D:3      | Learned a level 2 spell: Scorch
  2007 | D:3      | Found a sacrificial altar of Ru.
  2940 | D:4      | Noticed Duvessa
  2940 | D:4      | Noticed Dowan
  2959 | D:4      | Killed Duvessa
  2960 | D:4      | Reached skill level 1 in Axes
  2960 | D:4      | Reached XP level 6. HP: 9/45 MP: 0/0
  3094 | D:3      | Killed from afar by Dowan

Illustrated notes

Levels and vault maps discovered:
D:1:      amcnicky_arrival_feature_with_door, layout_basic, nicolae_titane
D:2:      layout_rooms
D:3:      layout_basic, nicolae_overflow_hidden_temple, general_overflow_altar
D:4:      layout_gridville, nicolae_overflow_crystal_walls,
          gammafunk_ghost_abyssal_escape, uniq_sigmund, uniq_grinder,
          uniq_crazy_yiuf_cottage, uniq_pikel, uniq_duvessa

Skill      XL: |  1  2  3  4  5 |
---------------+----------------+-----
Spellcasting   | 3 4 |  4.4
Fighting       | 2 |  2.4
Axes           | 1 |  1.2
Dodging        | |  2.1
Stealth        | |  1.5

Action                   |  1- 3 |  4- 6 || total
-------------------------+-------+-------++-------
Melee: Unarmed           |     5 |     2 ||     7
       War axe           |       |     3 ||     3
 Cast: Sting             |    56 |    23 ||    79
       Poisonous Vapours |    15 |    52 ||    67
       Slow              |       |     4 ||     4
       Scorch            |       |     9 ||     9
       Mephitic Cloud    |       |     3 ||     3
  Use: Scroll            |     1 |     6 ||     7
       Potion            |       |     1 ||     1
Armor: Robe              |     2 |     9 ||    11
Dodge: Dodged            |    12 |    12 ||    24

Table legend: (Time is in decaauts)
 A = Elapsed time spent in this place.
 B = Non-inter-level travel time spent in this place.
 C = Inter-level travel time spent in this place.
 D = Time resting spent in this place.
 E = Time spent auto-exploring this place.
 F = Levels seen in this place.
 G = Mean time per level.
                   A        B        C        D        E       F      G
               +--------+--------+--------+--------+--------+-----+--------+
         Total |   3095 |   3005 |     90 |    277 |   2349 |   4 |  773.8 |
       Dungeon |   3095 |   3005 |     90 |    277 |   2349 |   4 |  773.8 |
               +--------+--------+--------+--------+--------+-----+--------+

Top non-repeatable levels by time:
     D:3: 1359 daAuts
     D:1: 971 daAuts
     D:2: 735 daAuts
     D:4: 29 daAuts
